 Dungeon Crawl Stone Soup version 0.31-a0-876-gfe8ebadbca (webtiles) character file.

Game seed: 17291043692579212285

43 Azuregosa the Sneak (level 3, -2/26 HPs)
             Began as an Octopode Delver on Oct 13, 2023.
             Slain by a cerulean imp
             ... wielding a +0 spear
             ... summoned by Natasha
              (5 damage)
             ... on level 2 of the Dungeon.
             The game lasted 00:02:33 (225 turns).

Azuregosa the Sneak (Octopode Delver)                Turns: 225, Time: 00:02:34

Health: -2/26      AC:  1    Str: 11    XL:     3   Next: 58%
Magic:  3/3        EV: 13    Int: 14    God:
Gold:   35         SH:  0    Dex: 13    Spells: 2/2 levels left

rFire   . .          .
                       - Unarmed
rCold   + . .        (no shield)
rNeg    . . .        (helmet restricted)
rPois   .            (no amulet)
rElec   .            b - ring of protection from cold
rCorr   .            (no ring)
SInv    .            (no ring)
Will    .....        (no ring)
Stlth   ++++         (no ring)
HPRegen 0.24/turn    (no ring)
MPRegen 0.08/turn    (no ring)
                     (no ring)

%: no passive effects
@: slowed, very slow
A: almost no armour, amphibious, 8 rings, camouflage 1, gelatinous body 1,
(nimble swimmer 1), tentacles
a: no special abilities


You were on level 2 of the Dungeon.
You visited 1 branch of the dungeon, and saw 4 of its levels.

You collected 35 gold pieces.

Inventory:

Jewellery
 b - a ring of protection from cold (left tentacle)
Wands
 e - a wand of digging (3)
Scrolls
 a - a scroll of fog
 f - a scroll of identify {unknown}
 h - a scroll of immolation {unknown}
Potions
 d - a potion of haste
 g - a potion of invisibility {unknown}


   Skills:
 + Level 3.3 Fighting
 + Level 2.4 Dodging
 + Level 7.0 Stealth
 + Level 2.5 Unarmed Combat
 + Level 0.4 Spellcasting


You had 2 spell levels left.
You didn't know any spells.
Your spell library contained the following spells:

 Spells                   Type           Power      Damage    Failure   Level
 Sublimation of Blood     Necr           0%         N/A       38%         2
 Petrify                  Tmut/Erth      0%         N/A       95%         4
 Irradiate                Conj/Tmut      0%         3d11      100%        5


Dungeon Overview and Level Annotations

Branches:
Dungeon (5/15)
 Temple: D:4-7

Altars:

Annotations:
D:2 Natasha
D:3 Ijyb


Innate Abilities, Weirdness & Mutations

You cannot wear most types of armour.
You are amphibious.
You can wear up to eight rings at the same time.
Your skin changes colour to match your surroundings (Stealth+).
Your rubbery body absorbs attacks. (AC +1, EV +1)
((You are camouflaged when in or above water. (Stealth+)))
You have tentacles for arms and can constrict up to eight enemies at once.


Message History

Natasha casts a spell.
The cerulean imp closely misses you. Natasha barely misses you.
You tentacle-slap Natasha but do no damage.
Natasha is almost dead.
You constrict Natasha.
You kill Natasha!
Natasha screams in fury as she dies!
The cerulean imp disappears in a puff of smoke! x3
Your Stealth skill increases to level 7!
You have reached level 3!
Your experience leads to an increase in your attributes!
Increase (S)trength, (I)ntelligence, or (D)exterity?
You feel clever. x2
You start resting.
Natasha, Servant of Life and Death comes into view.
She is carrying a wand of polymorph.
Natasha casts a spell.
A goblin comes into view. It is wielding a +0 club.
The cerulean imp barely misses you.
You barely miss Natasha. Your grab misses Natasha.
You tentacle-slap Natasha, but do no damage.
You feel yourself speed up.
The cerulean imp hits you with a +0 spear.
Natasha claws you! The cerulean imp misses you.
You closely miss Natasha. Your grab misses Natasha.
Natasha wildly gestures.
You feel troubled. Natasha misses you. The cerulean imp barely misses you.
You tentacle-slap Natasha but do no damage.
Your grab misses Natasha. You squeeze Natasha, but do no damage.
Natasha casts a spell at you.
You feel yourself slow down. The cerulean imp barely misses you.
As you read the scroll of fear, it crumbles to dust.
You assume a fearsome visage.
The cerulean imp resists with almost no effort.
Natasha looks frightened!
The cerulean imp hits you with a +0 spear.
* * * LOW HITPOINT WARNING * * *
The cerulean imp closely misses you.
The cerulean imp hits you from afar with a +0 spear.
You die...

#..........##.>...#
......(...........#
..................#
#..................
#..h.............
###.......$....#.
.......#...##....
####..#.#..## ....
.......@.5.# .#.
#######...###.....
#.........#
##......#.#
#..##..# #..# ..#
#... ... #.... ...g
..... ....


You could see Natasha (fleeing) and a cerulean imp (summoned).

Vanquished Creatures
  Natasha (D:2)
  An ufetubus (D:3)
  A dart slug (D:3)
  An orc (D:4)
  3 goblins
  A hobgoblin (D:3)
  2 frilled lizards
  A rat (D:2)
11 creatures vanquished.

Notes
Turn   | Place    | Note
-------+----------+-------------------------------------------
     0 | D:5      | Azuregosa the Octopode Delver began the quest for the Orb.
     0 | D:5      | Reached XP level 1. HP: 16/16 MP: 1/1
    55 | D:3      | Identified the +0 pair of boots of Anaesthesia {rElec rF+
                  | Dex-2 Slay+5}
    62 | D:4      | Noticed an ogre
    90 | D:3      | Reached XP level 2. HP: 21/21 MP: 2/2
   154 | D:3      | Noticed Ijyb
   199 | D:2      | Noticed Natasha
   210 | D:2      | Killed Natasha
   211 | D:2      | Reached skill level 7 in Stealth
   211 | D:2      | Reached XP level 3. HP: 16/26 MP: 3/3
   215 | D:2      | Noticed Natasha
   225 | D:2      | Slain by a cerulean imp

Illustrated notes

Levels and vault maps discovered:
D:2:      kennysheep_six_static_rooms, layout_rooms, basic_altar, uniq_natasha
D:3:      layout_rooms, okawaru_ov_weapons_minmay, uniq_ijyb
D:4:      layout_gridville
D:5:      minmay_goblin_kobold_castle, layout_cave_pools,
          mainiacjoe_overflow_alcove_2

Skill      XL: |  1  2 |
---------------+-------+-----
Stealth        | 7 |  7.0
Fighting       | |  3.3
Dodging        | |  2.4
Unarmed Combat | |  2.5
Spellcasting   | |  0.4

Action                     || total
---------------------------++-------
  Melee: Unarmed           ||    29
         Constrict         ||     6
         Tentacles         ||     5
         Punch             ||     3
    Use: Scroll            ||     2
   Stab: Sleeping          ||     5
 Armour: Skin              ||    11
  Dodge: Dodged            ||    16

Table legend: (Time is in decaauts)
 A = Elapsed time spent in this place.
 B = Non-inter-level travel time spent in this place.
 C = Inter-level travel time spent in this place.
 D = Time resting spent in this place.
 E = Time spent auto-exploring this place.
 F = Levels seen in this place.
 G = Mean time per level.
                   A        B        C        D        E       F      G
               +--------+--------+--------+--------+--------+-----+--------+
         Total |    231 |    231 |      0 |      7 |     21 |   4 |   57.8 |
       Dungeon |    231 |    231 |      0 |      7 |     21 |   4 |   57.8 |
               +--------+--------+--------+--------+--------+-----+--------+

Top non-repeatable levels by time:
     D:3: 100 daAuts
     D:2: 76 daAuts
     D:4: 47 daAuts
     D:5: 8 daAuts
